 Dungeon Crawl Stone Soup version 0.30-b1-2-g02819fbbbe (webtiles) character file.

Game seed: 7738450364146454546

0 doot the Caller (level 1, 0/13 HPs)
             Began as a Barachi Summoner on Aug 26, 2023.
             Slain by a hobgoblin (3 damage)
             ... on level 1 of the Dungeon.
             The game lasted 00:00:56 (158 turns).

doot the Caller (Barachi Summoner)                   Turns: 158, Time: 00:00:56

Health: 0/13       AC:  2    Str:  9    XL:     1   Next: 10%
Magic:  3/3        EV: 12    Int: 15    God:
Gold:   10         SH:  0    Dex: 12    Spells: 3/4 levels left

rFire   . . .        c - +0 dagger
rCold   . . .        (no shield)
rNeg    . . .        a - +0 robe
rPois   .            (no helmet)
rElec   .            (no cloak)
rCorr   .            (no gloves)
SInv    .            (no boots)
Will    .....        (no amulet)
Stlth   ++           (no ring)
HPRegen 0.22/turn    (no ring)
MPRegen 0.08/turn

%: no passive effects
@: slow
A: amphibious, slowness 1, strong legs 1, +LOS
a: Hop


You were on level 1 of the Dungeon.
You visited 1 branch of the dungeon, and saw 1 of its levels.

You collected 10 gold pieces.

Inventory:

Hand Weapons
 c - a +0 dagger (weapon)
Armour
 a - a +0 robe (worn)
Scrolls
 e - a scroll of identify {unknown}
Potions
 b - a potion of magic
 d - a potion of lignification {unknown}


   Skills:
 + Level 2.2 Dodging
 + Level 1.7 Stealth
 + Level 2.1 Spellcasting
 + Level 4.8 Summonings


You had 3 spell levels left.
You knew the following spells:

 Your Spells              Type           Power      Damage    Failure   Level
a - Summon Small Mammal   Summ           64%        N/A       3%          1

Your spell library contained the following spells:

 Spells                   Type           Power      Damage    Failure   Level
 Call Imp                 Summ           32%        N/A       4%          2
 Call Canine Familiar     Summ           16%        N/A       9%          3
 Summon Guardian Golem    Hex/Summ       8%         N/A       24%         3
 Summon Lightning Spire   Summ/Air       8%         N/A       63%         4


Dungeon Overview and Level Annotations

Branches:
Dungeon (1/15)

Altars:


Innate Abilities, Weirdness & Mutations

You are amphibious.
You cover ground slowly.
You can hop short distances.
You have an extended range of vision and can be seen from far away.


Message History

Orders for allies: a - Attack new target. p - Attack previous target. r - Retreat! s - Stop attacking. g - Guard the area. f - Follow me.
Anything else - Cancel.
Gang up on whom?
Press: ? - help, Dir - move target, f/p - kobold
Aim: a kobold, wielding a +0 dagger and quivering stones (ally target) Attack!
Your quokka misses the kobold.
The kobold throws a stone.
The stone barely misses your quokka. The stone misses you.
Your bat completely misses the kobold.
Your quokka bites the kobold.
Your bat misses the kobold.
The kobold throws a stone.
The stone misses your quokka. The stone hits you.
Your quokka bites the kobold.
The kobold dies!
You swap places.
You swap places.
Found a smoky black potion.
Things that are here:
a +0 dagger; 3 stones; a kobold corpse
c - a +0 dagger
c - a +0 dagger (weapon)
You start resting.
Your bat disappears in a puff of smoke!
Magic restored.
You start resting.
Your quokka disappears in a puff of smoke!
HP restored.
d - a smoky black potion You now have 10 gold pieces.
e - a scroll labelled ELIACE NUKYRGHU You enter the deep water.
The hobgoblin shouts!
A hobgoblin is nearby!
The hobgoblin hits you but does no damage.
The hobgoblin completely misses you. The hobgoblin attacks as you move away!
The hobgoblin hits you. x2
The hobgoblin attacks as you move away! The hobgoblin hits you.
* * * LOW HITPOINT WARNING * * *
You enter the deep water.
The hobgoblin attacks as you move away! The hobgoblin hits you.
You die...

#.. #.. # #.# #. #.#
##. #.# ..# #.#
#.#####.#
....###..g....#########
#≈≈≈≈≈≈≈@≈≈.≈≈≈≈≈≈≈≈≈≈#
#≈######♣##+##♣######≈#
#~ #8.<#≈#
8##.##8##...#≈#
........'...#≈#
#8#+#8###...#≈#
#♣##+##♣##8.8#≈#
♣~.....~♣##'##≈#
#♣.......♣##.#≈≈###


You could see a hobgoblin.

Vanquished Creatures (collateral kills)
  A kobold (D:1)
1 creature vanquished.

Notes
Turn   | Place    | Note
-------+----------+-------------------------------------------
     0 | D:1      | doot the Barachi Summoner began the quest for the Orb.
     0 | D:1      | Reached XP level 1. HP: 13/13 MP: 3/3
   158 | D:1      | Slain by a hobgoblin

Illustrated notes

Levels and vault maps discovered:
D:1:      saegor_arrival_fortress, layout_loops_ring,
          hellmonk_ecumenical_altar_arch_garden

Action                     || total
---------------------------++-------
  Melee: Unarmed           ||     2
   Cast: Summon Small Mamm ||     2
 Armour: Robe              ||     1
  Dodge: Dodged            ||     4
